 Dungeon Crawl Stone Soup version 0.25.0-9-g26727b657a (webtiles) character file.

Game seed: 11844858128541573514

57351 MordorOrchid the Thaumaturge (level 14, -11/90 HPs)
             Began as an Octopode Ice Elementalist on June 20, 2020.
             Was a Follower of Uskayaw.
             Mangled by a troll (14 damage)
             ... on level 2 of the Orcish Mines.
             The game lasted 02:15:00 (19348 turns).

MordorOrchid the Thaumaturge (OpIE)                Turns: 19348, Time: 02:15:01

Health: -11/90     AC:  1    Str:  8    XL:     14   Next: 85%
Magic:  8/29       EV: 19    Int: 28    God:    Uskayaw [*.....]
Gold:   2102       SH:  0    Dex: 12    Spells: 8/36 levels left

rFire    + + .     SeeInvis +   y - +2 dagger (protect)
rCold    + + .     Gourm    .   (no shield)
rNeg     . . .     Faith    .   (helmet restricted)
rPois    .         Spirit   .   D - amulet of magic regeneration
rElec    .         Reflect  .   J - ring of stealth
rCorr    .         Harm     .   i - +6 ring of intelligence
MR       +....                  N - ring of protection from fire
Stlth    ++++......             G - ring of Palimmeb {Ice Stlth+}
HPRegen  0.25/turn              R - ring of the Lich-sworn {Wiz *Slow rF+++ SInv Stlth-}
MPRegen  0.46/turn              z - ring of ice
                                (no ring)
                                (no ring)

@: frozen ramparts
A: almost no armour, stealthy swim, amphibious, 8 rings, constrict 8, camouflage
1, gelatinous body 1
a: Stomp, Renounce Religion


You were on level 2 of the Orcish Mines.
You worshipped Uskayaw.
Uskayaw was noncommittal.
You were hungry.

You visited 5 branches of the dungeon, and saw 23 of its levels.

You collected 2102 gold pieces.

Inventory:

Hand Weapons
 e - a +0 short sword of flaming
 j - a +2 longbow of flaming
 p - the +8 morningstar of the Jumping Moth {drain, Fragile Dex+6 SInv}
   (You found it on level 6 of the Lair of Beasts)

   A truly terrible weapon, it drains the life of those it strikes.
   It affects your dexterity (+6).
   It lets you see invisible.
   It will be destroyed if unequipped.
 y - a +2 dagger of protection (weapon)
 F - a +3 flail of holy wrath
Missiles
 c - a silver boomerang
 f - 2 javelins
 k - 209 arrows
 u - 22 boomerangs (quivered)
 Q - 3 throwing nets
 S - 8 curare-tipped darts
Jewellery
 i - a +6 ring of intelligence (right tentacle)
 z - a ring of ice (on tentacle)
 A - an uncursed amulet of reflection
 D - an amulet of magic regeneration (around mantle)
 G - the ring of Palimmeb (on tentacle) {Ice Stlth+}
   (You found it on level 5 of the Dungeon)

   [ring of ice]

   It enhances your ice magic.
   It makes you vulnerable to fire.
   It protects you from cold.
   It makes you more stealthy.
 J - a ring of stealth (left tentacle)
 N - a ring of protection from fire (on tentacle)
 P - an uncursed amulet of regeneration
 R - the ring of the Lich-sworn (on tentacle) {Wiz *Slow rF+++ SInv Stlth-}
   (You acquired it on level 11 of the Dungeon)

   [ring of wizardry]

   It improves your spell success rate.
   It renders you almost immune to fire.
   It lets you see invisible.
   It may slow you when you take damage.
   It makes you less stealthy.
Wands
 K - a wand of random effects (8)
 L - a wand of paralysis (11)
 O - a wand of acid (14)
 V - a wand of polymorph (12)
Scrolls
 d - 10 scrolls of teleportation
 q - 6 scrolls of remove curse
 s - 3 scrolls of fear
 t - 2 scrolls of blinking
 M - a scroll of torment
 T - 2 scrolls of immolation
 U - a scroll of brand weapon {unknown}
 W - a scroll of vulnerability {unknown}
Potions
 h - 3 potions of ambrosia
 l - 5 potions of curing
 n - 4 potions of stabbing
 o - a potion of magic
 r - a potion of heal wounds
 B - a potion of brilliance {unknown}
 E - a potion of might {unknown}
 I - 3 potions of haste
 Y - a potion of berserk rage {unknown}
Miscellaneous
 X - a phial of floods
Comestibles
 a - a chunk of flesh
 b - 36 rations


   Skills:
 * Level 6.7 Fighting
 - Level 4.0 Short Blades
 - Level 2.0 Throwing
 * Level 11.0 Dodging
 - Level 3.0 Stealth
 + Level 11.5 Spellcasting
 * Level 6.8 Conjurations
 - Level 2.0 Charms
 - Level 5.0 Summonings
 - Level 2.0 Necromancy
 - Level 2.0 Translocations
 - Level 2.0 Transmutations
 * Level 3.4 Fire Magic
 + Level 11.0 Ice Magic
 - Level 6.0 Air Magic
 - Level 2.0 Earth Magic
 * Level 7.8 Invocations
 - Level 6.0 Evocations


You had 8 spell levels left.
You knew the following spells:

 Your Spells              Type           Power        Failure   Level  Hunger
a - Freeze                Ice            ####         1%          1    None
b - Frozen Ramparts       Ice            ######       1%          3    None
f - Fireball              Conj/Fire      #####.....   4%          5    ###....
r - Hailstorm             Conj/Ice       #######.     1%          4    None
s - Summon Ice Beast      Ice/Summ       #######.     1%          4    None
u - Animate Skeleton      Necr           N/A          1%          1    None
w - Passwall              Tmut/Erth      ####....     1%          2    None
y - Ozocubu's Armour      Chrm/Ice       #######.     1%          3    None
z - Apportation           Tloc           ####..       1%          1    None
B - Airstrike             Air            #####.....   1%          4    None

Your spell library contained the following spells:

 Spells                   Type           Power        Failure   Level  Hunger
 Corona                   Hex            ###....      1%          1    None
 Foxfire                  Conj/Fire      ####         1%          1    None
 Shock                    Conj/Air       ####         1%          1    None
 Summon Small Mammal      Summ           ####         1%          1    None
 Swiftness                Chrm/Air       #####...     1%          2    None
 Conjure Flame            Conj/Fire      #####...     1%          3    None
 Inner Flame              Hex/Fire       ####....     1%          3    None
 Static Discharge         Conj/Air       ######..     1%          3    None
 Sticky Flame             Conj/Fire      #####...     1%          4    None
 Lightning Bolt           Conj/Air       ######....   2%          5    ###....
 Metabolic Englaciation   Hex/Ice        #######...   4%          5    ###....
 Shatter                  Erth           ####......   100%        9    #######


Dungeon Overview and Level Annotations

Branches:
Dungeon (13/15)            Temple (1/1) D:4            Lair (6/6) D:10
  Swamp (1/4) Lair:2       Spider (0/4) Lair:4        Slime (0/5) Lair:5
    Orc (2/2) D:9             Elf (0/3) Orc:2        Vaults (0/5) D:13

Altars:
Ashenzari
Fedhas
Gozag
Hepliaklqana
Kikubaaqudgha
Makhleb
Nemelex Xobeh
Qazlal
Ru
Trog
Uskayaw
Vehumet
Zin
Beogh
Jiyva

Shops:
Orc:2 !

Annotations:
D:6 2 runed translucent doors, Delamore's ghost, novice HOMo
D:13 exclusion: dancing weapon, Frances; Rupert
Swamp:1 Aizul


Innate Abilities, Weirdness & Mutations

You cannot wear most types of armour.
You are very stealthy in the water. (Stealth+)
You are amphibious.
You can wear up to eight rings at the same time.
You can use your tentacles to constrict eight enemies at once.
Your skin changes colour to match your surroundings (Stealth+).
Your rubbery body absorbs attacks. (AC +1, EV +1)


Message History

The wall freezes the two-headed ogre.
The ogre mage casts a spell at you. The bolt of fire hits you! You resist.
The wall freezes the two-headed ogre.
The ogre closely misses you.
An ogre comes into view. It is wielding a +0 giant spiked club.
The ogre mage mumbles some strange words.
The ogre mage blinks!
The wall freezes the two-headed ogre.
You kill the two-headed ogre!
The troll misses you. The troll claws you!
* * * LOW HITPOINT WARNING * * *
The troll claws you.
* * * LOW HITPOINT WARNING * * *
The wall freezes the two-headed ogre!
You kill the two-headed ogre!
Your Dodging skill increases to level 11!
There is a stone staircase leading up here.
The wall freezes the troll!
The troll bites you!
* * * LOW HITPOINT WARNING * * *
The troll misses you. The troll claws you!
You die...

....##.## #.#.....##.#### #.....
....##..####........##...####....
.........##................##....
...........................##....
.................#...............
.###.......[.....###...........#Z
## ##.........[...##...........##
.####.............####........##
..##.......O....@####....#....##
.###...........T##.#...........##
##.......)....O.##.....^........#
.#.......#...)..).)..O.#####.....
........T###...........# #.......
...O.OO.###............# ####....
......#.####...........# ##...
.).O#....# ##.........## ##....
....###.## ###......## #..[..


You could see a troll and 2 ogres.

Vanquished Creatures
  A thorn hunter (Swamp:1)
  2 entropy weavers (Lair:6)
  Nessos (Lair:5)
  Josephine (Lair:5)
  Erolcha (D:11)
  A queen ant (Lair:6)
  6 two-headed ogres (Orc:2)
  An orc high priest (Orc:1)
  Sonja (D:10)
  An unseen horror (D:9)
  2 deep trolls (Orc:2)
  2 orc sorcerers (Orc:1)
  2 ugly things
  A manticore (D:13)
  A black mamba (Lair:3)
  A gargoyle (D:11)
  10 spiny frogs (Lair:6)
  2 komodo dragons
  6 trolls
  2 tyrant leeches (Lair:6)
  Prince Ribbit (D:5)
  15 blink frogs
  A hippogriff (D:9)
  Sigmund (D:3)
  A shadow (D:11)
  3 wraiths
  15 yaks
  2 wyverns
  3 hungry ghosts
  8 vampire mosquitoes
  3 insubstantial wisps (Swamp:1)
  5 soldier ants (Lair:6)
  A swamp worm (D:8)
  5 porcupines
  6 water moccasins
  2 ice beasts
  6 sky beasts
  14 orc warriors
  2 phantoms
  10 ogres
  12 wolves
  3 centaurs
  7 crocodiles
  4 big kobolds
  19 bullfrogs
  A water moccasin zombie (D:9)
  3 scorpions
  13 killer bees
  7 wights
  4 howler monkeys
  5 electric eels
  6 crimson imps
  A quasit (D:11)
  5 hounds
  3 jellies
  4 bullfrog skeletons
  A bullfrog zombie (D:11)
  18 orc wizards
  22 orc priests
  4 centaur skeletons
  19 worker ants
  Natasha (twice) (D:2)
  An iguana (D:11)
  3 hound zombies
  A hound skeleton (D:4)
  A worker ant zombie (D:11)
  10 adders
  4 gnolls
  A shadow imp (D:5)
  An ooze (D:6)
  2 adder skeletons
  2 worms (D:2)
  4 dart slugs
  9 leopard geckos
  70 orcs
  8 bats
  4 giant cockroaches
  9 hobgoblins
  11 jackals
  A quokka (D:8)
  4 frilled lizards
  10 goblins
  30 kobolds
  A leopard gecko skeleton (D:7)
  2 quokka skeletons
  13 rats
  A bush (D:2)
  A fungus (Lair:3)
  2 plants (D:2)
518 creatures vanquished.

Vanquished Creatures (collateral kills)
  Snorg (Lair:3)
  3 hydras
  5 two-headed ogres
  3 alligators (Swamp:1)
  A centaur warrior (D:13)
  4 ugly things
  A centaur zombie (D:13)
  6 spiny frogs
  A gargoyle (D:11)
  Maggie (D:7)
  A rime drake (Lair:6)
  2 kobold demonologists
  8 komodo dragons
  4 trolls
  A hornet (Swamp:1)
  A tyrant leech (Lair:6)
  10 blink frogs
  4 hippogriffs
  3 wraiths (Lair:5)
  9 yaks
  Grum (D:10)
  A hungry ghost (D:9)
  2 basilisks
  8 vampire mosquitoes
  2 soldier ants (Lair:6)
  2 swamp worms
  A porcupine (Lair:5)
  8 orc warriors
  3 ice beasts
  10 water moccasins
  A black bear (Lair:5)
  3 phantoms
  2 eyes of draining
  2 necrophages
  7 ogres
  5 wolves
  2 centaurs
  9 crocodiles
  5 bullfrogs
  A gnoll sergeant (D:9)
  A wyvern zombie (D:8)
  A scorpion (D:10)
  2 killer bees (D:8)
  A wight (D:12)
  A howler monkey (D:10)
  A crimson imp (D:6)
  2 centaur skeletons
  A hound (D:9)
  A jelly (D:9)
  3 orc priests
  4 orc wizards
  2 bullfrog skeletons
  7 worker ants (Lair:6)
  A worker ant zombie (D:9)
  A howler monkey skeleton (D:7)
  An adder (D:11)
  8 gnolls
  3 shadow imps
  16 orcs
  5 fungi
  4 plants
210 creatures vanquished.

Vanquished Creatures (others)
  2 briar patches (Swamp:1)
  16 fungi
  38 plants
56 creatures vanquished.

Grand Total: 784 creatures vanquished

Notes
Turn   | Place    | Note
-------+----------+-------------------------------------------
     0 | D:1      | MordorOrchid the Octopode Ice Elementalist began the quest
                  | for the Orb.
     0 | D:1      | Reached XP level 1. HP: 11/11 MP: 3/3
   103 | D:1      | Reached XP level 2. HP: 9/17 MP: 1/5
   533 | D:1      | Reached XP level 3. HP: 20/22 MP: 0/6
   543 | D:1      | Learned a level 3 spell: Frozen Ramparts
  1135 | D:2      | Reached XP level 4. HP: 20/27 MP: 1/8
  1354 | D:2      | Reached skill level 1 in Fighting
  1380 | D:1      | Learned a level 3 spell: Ozocubu's Armour
  1517 | D:2      | Noticed Natasha
  1524 | D:2      | Killed Natasha
  1524 | D:2      | Reached XP level 5. HP: 28/33 MP: 4/10
  1542 | D:2      | Noticed an ogre
  1556 | D:2      | Killed an ogre
  1681 | D:2      | Noticed Natasha
  1692 | D:2      | Killed Natasha
  1692 | D:2      | Reached skill level 1 in Charms
  1692 | D:2      | Reached XP level 6. HP: 24/38 MP: 6/12
  1734 | D:2      | Reached skill level 5 in Ice Magic
  1924 | D:2      | Learned a level 4 spell: Summon Ice Beast
  2006 | D:3      | Noticed Sigmund
  2048 | D:3      | Found a sacrificial altar of Ru.
  2090 | D:3      | Noticed a sky beast
  2100 | D:3      | Killed a sky beast
  2719 | D:3      | Killed Sigmund
  2719 | D:3      | Reached skill level 1 in Summonings
  2719 | D:3      | Reached XP level 7. HP: 36/45 MP: 9/14
  2791 | D:3      | Learned a level 4 spell: Hailstorm
  3369 | D:4      | Found a staircase to the Ecumenical Temple.
  3378 | Temple   | Entered the Ecumenical Temple
  3490 | Temple   | Became a worshipper of Uskayaw the Reveler
  3532 | D:4      | Reached skill level 5 in Spellcasting
  3565 | D:4      | Reached * piety under Uskayaw
  3567 | D:4      | Reached ** piety under Uskayaw
  4006 | D:4      | Reached XP level 8. HP: 50/50 MP: 10/15
  4451 | D:5      | Entered Level 5 of the Dungeon
  4564 | D:5      | Noticed Prince Ribbit
  4627 | D:5      | Killed Prince Ribbit
  5355 | D:5      | Got an ancient jade ring
  5356 | D:5      | Identified the ring of Palimmeb {Ice Stlth+} (You found it
                  | on level 5 of the Dungeon)
  5857 | D:6      | Reached skill level 1 in Evocations
  5861 | D:6      | Reached *** piety under Uskayaw
  5928 | D:6      | Found a large runed translucent door.
  5929 | D:6      | Found a large runed translucent door.
  5932 | D:6      | Noticed Delamore's ghost (novice HOMo)
  5941 | D:6      | Reached skill level 1 in Invocations
  5973 | D:6      | Reached skill level 1 in Conjurations
  5973 | D:6      | Reached XP level 9. HP: 54/54 MP: 15/18
  7042 | D:7      | Noticed Maggie
  7081 | D:7      | Reached skill level 1 in Short Blades
  7824 | D:7      | Killed Maggie
  8001 | D:8      | Reached skill level 5 in Dodging
  8321 | D:8      | Reached XP level 10. HP: 63/63 MP: 13/20
  8352 | D:8      | Reached **** piety under Uskayaw
  8356 | D:8      | Reached ***** piety under Uskayaw
  8711 | D:8      | Learned a level 4 spell: Airstrike
  8881 | D:9      | Noticed a kobold demonologist
  8889 | D:9      | Killed a kobold demonologist
  9043 | D:9      | Reached skill level 1 in Air Magic
  9652 | D:9      | Found a roughly hewn altar of Beogh.
  9652 | D:9      | Found a staircase to the Orcish Mines.
  9981 | D:9      | Killed an unseen horror
  9981 | D:9      | Reached XP level 11. HP: 50/70 MP: 23/23
 10727 | D:10     | Entered Level 10 of the Dungeon
 10815 | D:10     | Noticed Sonja
 10823 | D:10     | Killed Sonja
 11083 | D:10     | Found a staircase to the Lair.
 11508 | D:10     | Noticed Grum
 11517 | D:10     | Killed Grum
 11661 | D:10     | Noticed a red ugly thing
 11675 | D:10     | Killed a red ugly thing
 11827 | D:11     | Noticed Erolcha
 11837 | D:11     | Killed Erolcha
 11837 | D:11     | Reached skill level 5 in Fighting
 11837 | D:11     | Reached skill level 5 in Invocations
 11837 | D:11     | Reached skill level 5 in Evocations
 11870 | D:11     | Noticed a two-headed ogre
 11885 | D:11     | Killed a two-headed ogre
 11938 | D:11     | Noticed a two-headed ogre
 11955 | D:11     | Found a bloodstained altar of Trog.
 11985 | D:11     | Killed a two-headed ogre
 12000 | D:11     | Identified a scroll of acquirement
 12002 | D:11     | Got the ring of the Lich-sworn {Wiz *Slow rF+++ SInv
                  | Stlth-}
 12277 | D:11     | Reached XP level 12. HP: 77/77 MP: 2/25
 12279 | D:11     | Reached skill level 5 in Conjurations
 12929 | D:12     | Noticed a soul eater
 12929 | D:12     | Reached skill level 1 in Throwing
 13387 | D:13     | Noticed a two-headed ogre
 13397 | D:13     | Killed a two-headed ogre
 13397 | D:13     | Reached skill level 10 in Spellcasting
 13471 | D:13     | Learned a level 1 spell: Animate Skeleton
 13473 | D:13     | Learned a level 1 spell: Apportation
 13482 | D:13     | Noticed a centaur warrior
 13499 | D:13     | Killed a centaur warrior
 13583 | D:13     | Noticed Frances
 13728 | D:13     | Found a gate to the Vaults.
 13728 | D:13     | Noticed Rupert
 13893 | Orc:1    | Entered Level 1 of the Orcish Mines
 13894 | Orc:1    | Reached skill level 1 in Translocations
 13897 | D:9      | Reached skill level 1 in Necromancy
 13986 | Lair:1   | Entered Level 1 of the Lair of Beasts
 14068 | Lair:1   | Reached skill level 10 in Ice Magic
 15113 | Lair:2   | Noticed an eight-headed hydra
 15116 | Lair:2   | Noticed a six-headed hydra
 15121 | Lair:2   | Killed an eight-headed hydra
 15126 | Lair:2   | Killed a six-headed hydra
 15138 | Lair:2   | Found a staircase to the Swamp.
 15278 | Lair:3   | Reached XP level 13. HP: 50/81 MP: 20/27
 15347 | Lair:3   | Noticed Snorg
 15355 | Lair:3   | Killed Snorg
 15355 | Lair:3   | Reached skill level 10 in Dodging
 16186 | Lair:4   | Found a hole to the Spider Nest.
 16373 | Lair:5   | Noticed Nessos
 16412 | Lair:5   | Killed Nessos
 16631 | Lair:5   | Noticed Josephine
 16664 | Lair:5   | Killed Josephine
 16763 | Lair:5   | Found a staircase to the Slime Pits.
 16763 | Lair:5   | Found a viscous altar of Jiyva.
 16961 | Lair:6   | Entered Level 6 of the Lair of Beasts
 17077 | Lair:6   | Identified Woet's Grimoire of the Glacial Mountains
 17082 | Lair:6   | Learned a level 2 spell: Passwall
 17088 | Lair:6   | Learned a level 5 spell: Fireball
 17128 | Lair:6   | Noticed an entropy weaver
 17129 | Lair:6   | Noticed an entropy weaver
 17172 | Lair:6   | Killed an entropy weaver
 17175 | Lair:6   | Killed an entropy weaver
 17175 | Lair:6   | Reached ****** piety under Uskayaw
 17186 | Lair:6   | Reached skill level 5 in Air Magic
 17208 | Lair:6   | Reached skill level 1 in Transmutations
 17285 | Lair:6   | Reached skill level 1 in Earth Magic
 17321 | Lair:6   | Reached skill level 5 in Summonings
 17321 | Lair:6   | Reached skill level 1 in Fire Magic
 17533 | Lair:6   | Reached XP level 14. HP: 89/89 MP: 13/28
 17947 | Lair:6   | Got a masterwork morningstar
 18142 | Swamp:1  | Entered Level 1 of the Swamp
 18203 | Swamp:1  | Noticed Aizul
 18278 | Swamp:1  | Identified the +8 morningstar of the Jumping Moth {drain,
                  | Fragile Dex+6 SInv} (You found it on level 6 of the Lair of
                  | Beasts)
 18372 | Swamp:1  | Noticed a thorn hunter
 18382 | Swamp:1  | Killed a thorn hunter
 18786 | Orc:2    | Entered Level 2 of the Orcish Mines
 18875 | Orc:2    | Found Puclasaff's Distillery.
 18908 | Orc:2    | Found a staircase to the Elven Halls.
 19348 | Orc:2    | HP: 3/90 [troll (11)]
 19348 | Orc:2    | Mangled by a troll

Illustrated notes

Levels and vault maps discovered:
D:1:      zelgadis_glass_arrival_small, layout_rooms
D:2:      layout_basic, lexackson_kobold_supper, uniq_natasha
D:3:      layout_loops_ring, lemuel_doored_altar, first_ration, uniq_sigmund
D:4:      layout_gridville, minmay_temple_entry_antechambers
D:5:      layout_loops_cross, minmay_tree_intersection, chequers_jeans,
          kennysheep_doodads, sigmund_army, uniq_prince_ribbit1
D:6:      layout_basic, ebering_ghost_disaster_area
D:7:      layout_layer_cave, uniq_maggie
D:8:      layout_rooms, roderic_malta_cross, worms_lemuel
D:9:      cheibrodos_fzero, layout_cave_pools, david_orc_5
D:10:     layout_roguey, lair_entry_dummy, uniq_grum, uniq_sonja
D:11:     layout_cave_pools, basic_altar, serial_bayou, serial_bayou_pond_b,
          serial_bayou_shore_a, serial_bayou_pond_e, serial_bayou_pond_c,
          serial_bayou_ford_a, grunt_ogre_cave, uniq_erolcha
D:12:     layout_big_octagon
D:13:     layout_stronghold, erik_vaults_1, uniq_frances, uniq_rupert
Temple:   roderic_octagonal_lattice_temple
Lair:1:   layout_gridlike, grunt_megastairs_5
Lair:2:   layout_layer_cave, palyth_hydra_swamp_entry
Lair:3:   layout_regular_city, grunt_megastairs_2, lemuel_fruit_tree, uniq_snorg
Lair:4:   layout_loops_ring, dummy_spider_entry, infiniplex_staircase_pool
Lair:5:   layout_cave_shapes, slime_altar_1, eino_small_chamber_without_monster,
          uniq_josephine, uniq_nessos
Lair:6:   minmay_lair_end_frog_pond, layout_concentric_octagons,
          small_statue_intersection, minmay_another_anthill
Swamp:1:  layout_falls_marsh, evilmike_swamp_ruin_rubble_1, uniq_aizul
Orc:1:    layout_caves, rock_pile
Orc:2:    st_orc_open, layout_diamond_mine, serial_shops, shop_fountains

Skill      XL: |  1  2  3  4  5  6  7  8  9 10 11 12 13 14 |
---------------+-------------------------------------------+-----
Stealth        | 3 |  3.0
Spellcasting   | 3 4 5 6 7 8 9 10 11 | 11.5
Fighting       | 1 2 3 4 5 6 |  6.7
Charms         | 1 2 |  2.0
Ice Magic      | 5 6 7 8 9 10 11 | 11.0
Dodging        | 3 4 5 6 9 10 11 | 11.0
Summonings     | 1 2 3 4 5 |  5.0
Evocations     | 1 2 4 5 6 |  6.0
Invocations    | 1 2 4 5 6 7 |  7.8
Conjurations   | 1 2 3 4 5 6 |  6.8
Short Blades   | 2 4 |  4.0
Air Magic      | 2 3 4 5 6 |  6.0
Throwing       | 2 |  2.0
Translocations | 2 |  2.0
Necromancy     | 2 |  2.0
Transmutations | 1 2 |  2.0
Earth Magic    | 1 2 |  2.0
Fire Magic     | 1 3 |  3.4

Action                   |  1- 3 |  4- 6 |  7- 9 | 10-12 | 13-15 || total
-------------------------+-------+-------+-------+-------+-------++-------
Melee: Dagger            |    40 |   184 |    91 |   197 |    75 ||   587
       Tentacles         |     4 |    41 |    21 |    36 |    19 ||   121
       Hand axe          |     1 |       |       |       |       ||     1
       Constrict         |     7 |     7 |    15 |    36 |    16 ||    81
       Flail             |       |       |     6 |       |       ||     6
       Staff             |       |       |     4 |     2 |       ||     6
 Fire: Longbow           |       |       |       |       |    31 ||    31
Throw: Stone             |     1 |       |       |       |       ||     1
       Dart              |       |     6 |    53 |    23 |     2 ||    84
       Boomerang         |       |       |    18 |     4 |     4 ||    26
 Cast: Freeze            |    25 |     6 |    13 |    11 |     3 ||    58
       Frozen Ramparts   |     5 |    13 |    46 |    68 |    67 ||   199
       Ozocubu's Armour  |       |       |     8 |    16 |    16 ||    40
       Summon Ice Beast  |       |       |    22 |   152 |   100 ||   274
       Hailstorm         |       |       |     7 |    15 |    17 ||    39
       Airstrike         |       |       |       |    57 |    55 ||   112
       Animate Skeleton  |       |       |       |    18 |    86 ||   104
       Apportation       |       |       |       |     7 |    69 ||    76
       Fireball          |       |       |       |       |     3 ||     3
Invok: Stomp             |       |       |       |     1 |       ||     1
       Grand Finale      |       |       |       |     1 |     1 ||     2
Evoke: Wand              |       |       |       |     6 |     7 ||    13
  Use: Potion            |     1 |       |       |     1 |     3 ||     5
       Scroll            |     2 |     2 |     5 |     9 |     8 ||    26
 Stab: Sleeping          |     6 |    11 |     5 |    18 |     4 ||    44
       Paralysed         |       |       |       |    14 |    16 ||    30
       Distracted        |       |       |       |     1 |       ||     1
  Eat: Chunk             |     1 |     6 |    17 |    27 |    13 ||    64
       Ration            |       |       |     1 |       |       ||     1
Armor: Skin              |     7 |     4 |    27 |    30 |     7 ||    75
Dodge: Dodged            |    32 |    24 |    71 |   182 |   122 ||   431
